 Dungeon Crawl Stone Soup version 0.31.0-12-g77e489cdc1 (webtiles) character file.

Game seed: 15116743939510274819

1437 monsoonserge the Grappler (level 8, -11/48 HPs)
             Began as an Octopode Shapeshifter on Feb 12, 2024.
             Mangled by Pikel
             ... wielding a +2 whip of freezing
              (14 damage)
             ... on level 6 of the Dungeon.
             The game lasted 00:18:22 (5388 turns).

monsoonserge the Grappler (Octopode Shapeshifter)   Turns: 5388, Time: 00:18:22

Health: -11/48     AC:  1    Str: 16    XL:     8   Next: 74%
Magic:  9/9        EV: 12    Int: 12    God:
Gold:   310        SH:  4    Dex: 11    Spells: 7/9 levels left

rFire   . .          .
                       - Unarmed
rCold   . . .        j - +0 buckler
rNeg    + . .        (helmet currently unavailable)
rPois   +            (no amulet)
rElec   .            l - ring of willpower
rCorr   .            s - ring of wizardry
SInv    .            y - ring of poison resistance
Will    +....        E - ring of positive energy
Stlth   +++          (no ring)
HPRegen 0.28/turn    (no ring)
MPRegen 0.11/turn    (no ring)
                     (no ring)

%: wizardry (x1)
@: beast-form, hasted, very quick
A: beast (slay +3), almost no armour, amphibious, 8 rings, camouflage 1,
gelatinous body 1, (nimble swimmer 1), tentacles
a: Begin Untransformation


You were on level 6 of the Dungeon.
You were a hulking beast.
You visited 2 branches of the dungeon, and saw 7 of its levels.
You also visited: Sewer and Ossuary.

You collected 310 gold pieces.

Inventory:

Missiles
 t - 21 poisoned darts (quivered)
 F - 5 boomerangs
Armour
 j - a +0 buckler (worn)
Jewellery
 l - a ring of willpower (left tentacle)
 s - a ring of wizardry (right tentacle)
 y - a ring of poison resistance (on tentacle)
 E - a ring of positive energy (on tentacle)
Talismans
 b - a beast talisman
 c - a flux talisman
 q - a serpent talisman
Scrolls
 d - 6 scrolls of identify {unknown}
 h - 5 scrolls of teleportation {unknown}
 i - 3 scrolls of fear {unknown}
 k - 4 scrolls of brand weapon
 m - 2 scrolls of summoning {unknown}
 n - 4 scrolls of enchant weapon {unknown}
 o - a scroll of enchant armour {unknown}
 p - 6 scrolls of vulnerability {unknown}
 r - 2 scrolls of blinking {unknown}
 u - 4 scrolls of amnesia {unknown}
 C - a scroll of acquirement {unknown}
 G - a scroll of immolation {unknown}
Potions
 a - a potion of lignification
 e - 3 potions of haste
 f - 2 potions of cancellation {unknown}
 v - a potion of resistance {unknown}
 w - a potion of magic {unknown}
 x - 2 potions of mutation {unknown}
 z - a potion of might {unknown}
 A - 4 potions of curing {unknown}
 B - 2 potions of berserk rage {unknown}
 D - 2 potions of degeneration {unknown}


   Skills:
 - Level 1.0 Fighting
 - Level 2.0 Dodging
 - Level 2.0 Stealth
 + Level 4.1 Shields
 - Level 8.0 Unarmed Combat
 - Level 1.0 Spellcasting
 - Level 2.0 Translocations
 * Level 5.6 Shapeshifting


You had 7 spell levels left.
You knew the following spells:

 Your Spells              Type           Power      Damage    Failure   Level
a - Blink                 Tloc           10%        N/A       11%         2

Your spell library contained the following spells:

 Spells                   Type           Power      Damage    Failure   Level
 Lesser Beckoning         Tloc           10%        N/A       11%         2
 Momentum Strike          Conj/Tloc      6%         3d8       16%         2
 Hailstorm                Conj/Ice       0%         3d5       41%         3
 Summon Ice Beast         Ice/Summ       0%         N/A       41%         3
 Sculpt Simulacrum        Ice/Alch       0%         N/A       100%        6


Dungeon Overview and Level Annotations

Branches:
Dungeon (6/15)             Temple (1/1) D:5           Sewer (visited)
Ossuary (visited)

Altars:
Ashenzari
Elyvilon
Fedhas
Kikubaaqudgha
Makhleb
Nemelex Xobeh
Okawaru
Qazlal
Ru
Sif Muna
Trog
Uskayaw
Vehumet
Wu Jian
Xom
Yredelemnul
Zin
The Shining One

Shops:
D:1 [

Annotations:
D:6 Pikel


Innate Abilities, Weirdness & Mutations

You are a hulking beast.
Your limbs bulge with bestial killing power. (Slay +3)
You cannot wear most types of armour.
You are amphibious.
You can wear up to eight rings at the same time.
Your skin changes colour to match your surroundings (Stealth+).
Your rubbery body absorbs attacks. (AC +1, EV +1)
((You are camouflaged when in or above water. (Stealth+)))
You have tentacles for arms and can constrict up to eight enemies at once.


Message History

Pikel is lightly wounded.
You constrict the orc priest, but do no damage.
You block the orc priest's attack. The lemure hits you!
You closely miss Pikel. Your grab misses Pikel.
Pikel is lightly wounded.
You constrict the orc priest. You tentacle-slap Pikel. You grab Pikel.
Pikel is moderately wounded.
You constrict Pikel. You constrict the orc priest.
Pikel hits you with a +2 whip of freezing.
Pikel freezes you. The orc priest barely misses you. The lemure hits you!
* * * LOW HITPOINT WARNING * * *
Unknown command.
You feel much better.
You constrict Pikel, but do no damage. You constrict the orc priest.
You tentacle-slap Pikel but do no damage.
You squeeze Pikel.
Pikel is moderately wounded.
You constrict Pikel. You constrict the orc priest.
Pikel hits you with a +2 whip of freezing!
Pikel freezes you.
* * * LOW HITPOINT WARNING * * *
The orc priest misses you. The lemure hits you.
* * * LOW HITPOINT WARNING * * *
You bludgeon Pikel! You squeeze Pikel, but do no damage.
Pikel is severely wounded.
You constrict Pikel, but do no damage. You constrict the orc priest.
The orc priest hits you with a +0 falchion.
* * * LOW HITPOINT WARNING * * *
The lemure hits you but does no damage. Pikel barely misses you.
Unknown command.
You tentacle-slap Pikel. You squeeze Pikel, but do no damage.
Pikel is severely wounded.
You constrict Pikel. You constrict the orc priest.
You tentacle-slap the orc priest but do no damage.
The orc priest is severely wounded.
You constrict Pikel, but do no damage. You constrict the orc priest.
Pikel hits you with a +2 whip of freezing!
You die...
Pikel says, "See you in Hell!"

..........#
#...##....#
#...###...##
. #..##
##...# .#
#..# ###.##
..# #..
##.## ....
... ##.###
o5.. ..
##..###55#
##..hKo#
#..o5.#
##)..##
....# .....#
....... #
#####...# #
#.... #
....#


You could see Pikel, 4 lemures, an orc priest and 2 orcs.

Vanquished Creatures
  Duvessa (D:6)
  A black bear (D:5)
  A centaur (D:6)
  An elf zombie (Ossuary)
  A kobold brigand (Sewer)
  Blork the orc (D:4)
  A scorpion (D:6)
  Dowan (D:6)
  A bombardier beetle (D:5)
  4 centaur zombies (Ossuary)
  2 hounds
  A jelly (D:4)
  2 human zombies (Ossuary)
  2 orc priests (D:3)
  A sleepcap (D:4)
  An iguana (D:5)
  An orc wizard (D:3)
  8 hound zombies (Ossuary)
  2 mummies (Ossuary)
  4 gnolls
  A river rat (D:4)
  8 adders
  A white imp (D:5)
  2 ufetubi (D:5)
  An adder zombie (Ossuary)
  A dart slug (D:1)
  2 ribbon worms
  6 orcs
  10 endoplasms
  8 giant cockroaches
  6 goblins
  10 hobgoblins
  4 jackals
  12 kobolds
  4 quokkas
  14 ball pythons
  4 bats
  A frilled lizard (D:2)
  3 gnoll zombies (Ossuary)
  A goblin zombie (D:4)
  5 jackal zombies (Ossuary)
  7 kobold zombies (Ossuary)
  5 orc zombies (Ossuary)
  9 rats
  A rat zombie (D:4)
163 creatures vanquished.

Notes
Turn   | Place    | Note
-------+----------+-------------------------------------------
     0 | D:1      | monsoonserge the Octopode Shapeshifter began the quest for
                  | the Orb.
     0 | D:1      | Reached XP level 1. HP: 13/13 MP: 1/1
   294 | D:1      | Reached XP level 2. HP: 18/18 MP: 2/2
   318 | D:1      | Found Able's Armour Emporium.
   540 | D:1      | Reached XP level 3. HP: 10/23 MP: 3/3
  1172 | D:2      | Found a faded altar of an unknown god.
  1706 | D:3      | Reached skill level 1 in Stealth
  1706 | D:3      | Reached XP level 4. HP: 22/28 MP: 4/4
  1814 | D:3      | HP: 1/28 [orc priest/nerve-wracking pain (3)]
  1822 | D:3      | Reached skill level 1 in Shields
  1822 | D:3      | Reached skill level 4 in Unarmed Combat
  1822 | D:3      | Reached XP level 5. HP: 15/33 MP: 5/5
  1921 | D:3      | Identified the +4 ring mail "Imaebb" {Will+}
  2362 | D:4      | Found a glowing drain.
  2371 | Sewer    | Entered a sewer
  2511 | Sewer    | Reached skill level 5 in Unarmed Combat
  2566 | Sewer    | Noticed a kobold brigand
  2570 | Sewer    | Killed a kobold brigand
  2571 | Sewer    | Reached XP level 6. HP: 27/38 MP: 6/6
  2581 | Sewer    | Learned a level 2 spell: Blink
  2650 | D:4      | Found a sand-covered staircase.
  2657 | Ossuary  | Entered an ossuary
  2884 | Ossuary  | Reached skill level 6 in Unarmed Combat
  2884 | Ossuary  | Reached XP level 7. HP: 37/43 MP: 7/7
  2902 | Ossuary  | Reached skill level 1 in Translocations
  2911 | Ossuary  | Reached skill level 1 in Spellcasting
  2922 | Ossuary  | Reached skill level 7 in Unarmed Combat
  3277 | D:4      | Noticed Blork the orc
  3285 | D:4      | Killed Blork the orc
  4310 | D:5      | Entered Level 5 of the Dungeon
  4324 | D:5      | Reached XP level 8. HP: 45/48 MP: 9/9
  4442 | D:5      | Reached skill level 8 in Unarmed Combat
  4859 | D:5      | Found a staircase to the Ecumenical Temple.
  4868 | Temple   | Entered the Ecumenical Temple
  5124 | D:6      | Reached skill level 5 in Shapeshifting
  5360 | D:6      | Noticed Duvessa
  5366 | D:6      | Noticed Dowan
  5369 | D:6      | Noticed Pikel
  5370 | D:6      | Killed Duvessa
  5374 | D:6      | Killed Dowan
  5378 | D:6      | HP: 2/48 [orc/+0 morningstar (2)]
  5388 | D:6      | Mangled by Pikel

Illustrated notes

Levels and vault maps discovered:
D:1:      nzn_arrival_settlement, layout_basic, serial_shops,
          nicolae_shop_getting_attention
D:2:      layout_rooms, hellmonk_ecumenical_altar_heavens_door
D:3:      layout_basic
D:4:      layout_layer_cave, portal_sewer_entry_b, enter_ossuary_4,
          uniq_blork_the_orc
D:5:      layout_rooms, minmay_temple_entry_statues_fountains,
          dreamdust_gnoll_farm
D:6:      layout_layer_cave, kennysheep_slug_shrine, roderic_serpentine_path,
          uniq_duvessa, uniq_pikel
Temple:   mainiacjoe_temple_coin_purse

Skill      XL: |  1  2  3  4  5  6  7  8 |
---------------+-------------------------+-----
Shapeshifting  | 4 5 |  5.6
Stealth        | 1 2 |  2.0
Shields        | 1 2 4 |  4.1
Unarmed Combat | 4 5 6 7 8 |  8.0
Translocations | 1 2 |  2.0
Spellcasting   | 1 |  1.0
Fighting       | |  1.0
Dodging        | |  2.0

Action                     |  1- 3 |  4- 6 |  7- 9 || total
---------------------------+-------+-------+-------++-------
  Melee: Unarmed           |    70 |   132 |   132 ||   334
         Constrict         |    13 |    41 |    38 ||    92
         Tentacles         |     6 |    32 |    37 ||    75
         Punch             |     1 |     7 |     7 ||    15
  Throw: Dart              |       |       |     5 ||     5
    Use: Scroll            |     1 |       |       ||     1
         Potion            |       |     2 |     6 ||     8
   Stab: Sleeping          |    10 |     8 |     5 ||    23
 Armour: Skin              |    21 |    58 |    83 ||   162
  Dodge: Dodged            |    38 |    48 |    79 ||   165
  Block: Buckler           |     2 |    12 |    25 ||    39
